Map: Terraform LE (Void)

Players

ReDBeTraYaL - Winner!

  • Race: Terran Terran
  • League: Platinum

Tyolin

  • Race: Protoss Protoss
  • League: Gold

VOD

Have the link to the VOD?

Description

Time

  • Played on: Sept. 4, 2015, 1:32 a.m.
  • Length: 12:26
Show
View Real Time Build Order
Export as new Build Order

ReDBeTraYaL Terran - Winner!

Build Orders: Command Center First (CC), MMM Bio 

Get SALT Encoding   

  12  0:01  SCV  
  13  0:13  SCV  
  14  0:18  Supply Depot  
  14  0:25  SCV  
  15  0:39  SCV  
  16  0:51  SCV  
  17  1:02  Command Center  
  17  1:05  SCV  
  18  1:16  Barracks  
  18  1:22  SCV  
  19  1:26  Refinery  
  19  1:32  Refinery  
  19  1:34  SCV  
  20  1:47  SCV  
  21  1:59  SCV  
  22  2:03  Marine  
  23  2:13  SCV  
  23  2:14  Bunker  
  24  2:20  Factory  
  24  2:25  Orbital Command  
  24  2:28  Barracks Tech Lab  
  24  2:32  Orbital Command  
  24  2:53  SCV  
  24  2:55  Barracks Reactor  
  24  2:57  SCV  
  24  2:58  Supply Depot  
  26  3:06  SCV  
  26  3:09  SCV  
  28  3:16  Siege Tank  
  28  3:18  SCV  
  32  3:21  SCV  
  32  3:25  Barracks x2  
  33  3:30  SCV  
  33  3:32  Marine x2  
  33  3:33  SCV  
  35  3:42  SCV  
  35  3:43  Engineering Bay  
  35  3:46  SCV  
  34  3:51  Marine x2  
  34  3:54  SCV  
  37  3:58  SCV  
  38  4:06  SCV  
  38  4:09  Siege Tank  
  40  4:10  SCV, Marine  
  40  4:17  Missile Turret  
  39  4:31  Missile Turret  
  39  4:34  Supply Depot  
  39  4:42  SCV  
  36  4:46  Marine x2  
  36  4:53  Missile Turret  
  36  4:55  SCV x2  
  32  5:07  SCV x2  
  31  5:13  Missile Turret  
  32  5:19  SCV x2  
  34  5:30  Marine x2  
  34  5:31  SCV x2  
  38  5:43  SCV x2  
  40  5:51  Marine x2  
  40  5:52  Barracks Tech Lab  
  40  5:53  Command Center  
  40  5:55  SCV x2  
  44  5:58  Refinery  
  44  6:07  SCV x2  
  44  6:10  Factory Reactor  
  46  6:14  Stimpack  
  46  6:19  Supply Depot, Marine x4  
  46  6:20  SCV x2  
  52  6:32  Concussive Shells  
  52  6:35  SCV x2  
  54  6:40  Marine  
  54  6:43  Supply Depot  
  54  6:45  Supply Depot  
  55  6:51  SCV x2  
  57  6:54  Starport  
  57  6:56  Factory Reactor, Marauder x2  
  57  6:57  Marine  
  57  6:58  Marine  
  63  7:06  Orbital Command  
  63  7:07  SCV  
  63  7:08  SCV, Missile Turret  
  65  7:20  SCV x2, Combat Shields  
  65  7:21  Marauder  
  69  7:30  Missile Turret  
  69  7:32  SCV x2  
  69  7:33  SCV  
  69  7:36  Terran Infantry Weapons Level 1  
  72  7:37  Medivac  
  72  7:42  Medivac  
  72  7:44  SCV x2  
  77  7:48  Widow Mine x2  
  77  7:49  Refinery, Marine x2  
  84  7:55  Missile Turret  
  84  7:56  SCV x2  
  86  8:06  Marauder  
  86  8:07  Medivac, Marauder  
  87  8:22  Orbital Command  
  87  8:25  Marine x2  
  81  8:28  Marauder x2  
  84  8:43  SCV x2, Marine x2  
  88  8:49  Command Center, Barracks, Marine x2  
  88  8:50  Sensor Tower, Barracks  
  88  8:54  Ghost Academy  
  88  8:55  SCV, Widow Mine x2  
  90  8:56  SCV  
  90  8:58  SCV  
  90  9:00  Marine  
  90  9:01  Marine  
  99  9:07  Marine x2  
  101  9:18  SCV x3, Marine, Engineering Bay, Medivac x2  
  101  9:22  Supply Depot  
  109  9:29  Marine  
  109  9:31  SCV, Marine  
  109  9:33  Marine  
  109  9:34  SCV  
  109  9:36  Marine  
  107  9:48  Marauder  
  107  9:49  Marine  
  107  9:51  Barracks Reactor, Marauder  
  106  9:53  Barracks Reactor  
  106  9:54  Marine  
  106  9:55  Widow Mine  
  106  9:56  Medivac, Barracks, Widow Mine  
  106  9:59  SCV x2  
  111  10:02  Barracks  
  111  10:07  Marine  
  111  10:09  Marine  
  111  10:10  SCV  
  111  10:11  SCV  
  111  10:12  Refinery, Marine  
  111  10:13  Refinery, Marauder  
  118  10:14  Supply Depot  
  118  10:15  Supply Depot, Missile Turret  
  118  10:23  Armory  
  118  10:24  Marine  
  118  10:27  Marauder  
  121  10:28  Marine x2  
  121  10:29  Marine x3  
  121  10:31  Widow Mine  
  121  10:32  Medivac, Widow Mine  
  132  10:36  Marine  
  132  10:42  Marine  
  133  10:44  Barracks Reactor  
  133  10:46  Barracks Tech Lab  
  133  10:47  Marine  
  133  10:48  Marine  
  136  10:51  Barracks  
  136  10:53  Planetary Fortress, Marine  
  136  10:54  SCV x3  
  140  11:00  Marine  
  140  11:01  Marine  
  140  11:02  Widow Mine, Marine x3  
  148  11:10  Missile Turret  
  148  11:11  SCV, Barracks Tech Lab, Missile Turret  
  148  11:12  Supply Depot  
  148  11:14  Supply Depot  
  148  11:17  Supply Depot  
  148  11:29  Marine x5  
  148  11:30  Supply Depot x2, SCV x2, Marine  
  156  11:33  Marine x2  
  156  11:34  Widow Mine, Marauder x2  
  156  11:39  Starport  
  164  11:46  SCV x3  
  167  11:47  Marine x2  
  167  11:48  Marauder  
  167  11:51  Refinery  
  167  11:52  Refinery  
  167  11:53  Sensor Tower  
  171  12:07  Marine x4  
  171  12:24  Barracks Tech Lab  
Show
View Real Time Build Order
Export as new Build Order

Tyolin Protoss 

Build Orders: Oracle Opening 

Get SALT Encoding   

  12  0:00  Probe (Chrono Boost)  
  13  0:11  Probe (Chrono Boost)  
  14  0:19  Pylon  
  14  0:23  Probe (Chrono Boost)  
  15  0:36  Probe (Chrono Boost)  
  16  0:43  Gateway  
  16  0:47  Probe (Chrono Boost)  
  17  0:55  Assimilator  
  17  0:57  Probe (Chrono Boost)  
  17  0:59  Assimilator  
  18  1:07  Probe (Chrono Boost)  
  19  1:19  Probe (Chrono Boost)  
  20  1:27  Pylon  
  20  1:30  Cybernetics Core  
  20  1:33  Pylon  
  20  1:42  Probe (Chrono Boost)  
  21  1:52  Probe (Chrono Boost)  
  22  2:02  Probe (Chrono Boost)  
  22  2:06  Stargate  
  23  2:10  Adept (Chrono Boost)  
  25  2:18  Mothership Core (Chrono Boost)  
  27  2:26  Gateway, Warp Gate (Chrono Boost)  
  27  2:46  Gateway  
  27  2:53  Oracle (Chrono Boost)  
  30  3:07  Pylon  
  30  3:10  Pylon  
  30  3:24  Oracle (Chrono Boost)  
  33  3:32  Pylon  
  33  3:34  Pylon  
  33  3:56  Pylon  
  33  4:02  Pylon  
  28  4:27  Oracle  
  28  4:31  Nexus  
  31  4:34  Probe (Chrono Boost)  
  32  4:42  Adept x2  
  32  4:44  Probe (Chrono Boost)  
  37  4:50  Pylon  
  32  5:02  Oracle (Chrono Boost)  
  32  5:04  Adept x2  
  32  5:05  Adept  
  32  5:37  Stalker x2  
  32  5:41  Void Ray (Chrono Boost)  
  40  5:43  Pylon  
  40  5:48  Probe  
  41  5:58  Probe  
  41  6:03  Adept x2  
  46  6:13  Stalker  
  46  6:17  Oracle (Chrono Boost)  
  51  6:19  Probe  
  51  6:22  Probe  
  53  6:42  Probe (Chrono Boost), Void Ray (Chrono Boost)  
  54  6:52  Probe (Chrono Boost)  
  54  6:54  Probe (Chrono Boost)  
  59  6:59  Assimilator  
  59  7:00  Assimilator  
  60  7:02  Pylon  
  60  7:04  Probe (Chrono Boost)  
  61  7:14  Probe (Chrono Boost)  
  62  7:16  Void Ray  
  62  7:24  Probe (Chrono Boost)  
  62  7:25  Forge  
  67  7:30  Pylon  
  67  7:34  Probe (Chrono Boost)  
  68  7:44  Probe (Chrono Boost)  
  68  7:50  Probe (Chrono Boost)  
  70  7:52  Void Ray  
  70  7:54  Probe (Chrono Boost)  
  71  8:00  Protoss Air Weapons Level 1 (Chrono Boost), Photon Cannon  
  71  8:01  Probe (Chrono Boost)  
  71  8:04  Photon Cannon  
  76  8:13  Probe  
  54  8:28  Void Ray  
  54  8:57  Stargate  
  54  9:00  Pylon  
  54  9:01  Pylon  
  54  9:03  Pylon, Void Ray  
  54  9:06  Nexus  
  58  9:34  Zealot x3  
  56  9:46  Protoss Ground Weapons Level 1  
  49  10:07  Probe x2  
  49  10:12  Pylon  
  51  10:14  Pylon  
  51  10:17  Pylon  
  51  10:18  Zealot x3  
  51  10:19  Probe x2, Pylon  
  59  10:22  Probe  
  60  10:31  Probe  
  60  10:32  Probe x2  
  63  10:42  Assimilator  
  63  10:43  Probe  
  63  10:44  Probe  
  63  10:46  Assimilator  
  65  10:50  Stargate  
  65  10:54  Void Ray  
  65  10:56  Probe  
  70  11:22  Zealot, Stargate  
  70  11:23  Zealot x2  
  76  11:32  Pylon  
  76  11:35  Pylon  
  76  11:37  Void Ray  
  80  11:40  Twilight Council  
  84  11:49  Probe (Chrono Boost)  
  84  11:52  Probe (Chrono Boost)  
  86  11:59  Adept x2  
  86  12:01  Adept  
  93  12:02  Probe (Chrono Boost)  
  93  12:05  Probe (Chrono Boost)  
Tags
 
Add a new tag
Caveats
  • Supply blocks, unpowered buildings, or Contaminate may cause inaccurate times.
  • Supply counts are checked every 10 seconds.